[Event "***Titled Tuesday 3|2 Blitz"]
[Site "Chess.com"]
[Date "2017.02.07"]
[Round "5"]
[White "wonderfultime"]
[Black "Sven_Tica"]
[Result "1-0"]
[WhiteElo "2645"]
[BlackElo "2421"]
[TimeControl "180+2"]
[EndTime "14:08:52 PST"]
[Termination "wonderfultime won by resignation"]

1. d4 d5 2. c4 e6 3. Nc3 Nf6 4. Nf3 Be7 5. Bg5 Nbd7 6. e3 h6 7. Bh4 O-O 8. Qc2 c5 9. cxd5 Nxd5 10. Bxe7 Qxe7 11. Be2 Nxc3 12. Qxc3 b6 13. O-O Bb7 14.
Rac1 Rac8 15. Qa3 a6 16. Rfd1 Rfe8 17. Ne1 b5 18. Bf3 Nb6 19. Bxb7 Qxb7 20. dxc5 Nc4 21. Qc3 Red8 22. b3 Na3 23. Rxd8+ Rxd8 24. Qa5 1-0

[Event "***Titled Tuesday 3|2 Blitz"]
[Site "Chess.com"]
[Date "2017.02.07"]
[Round "5"]
[White "A-Fier"]
[Black "Genghis_K"]
[Result "0-1"]
[WhiteElo "2498"]
[BlackElo "2688"]
[TimeControl "180+2"]
[EndTime "14:09:09 PST"]
[Termination "Genghis_K won by checkmate"]

1. d4 Nf6 2. c4 e6 3. Nc3 Bb4 4.
e3 O-O 5. Ne2 c6 6. a3 Ba5 7.
Qc2 d5 8. Ng3 Nbd7 9. Be2 Re8 10.
O-O Bc7 11. Rd1 dxc4 12. Bxc4 b5 13. Ba2 Bb7 14. e4 Qe7 15. e5 Nd5 16. Nce4 h6 17.
Bb1 Nf8 18. Nc5 Bb6 19. Nge4 Rad8 20. b4 Bc8 21. Nd6 Rxd6 22. exd6 Qxd6 23. Be3 Bc7 24. g3 Nxe3 25. fxe3 e5 26. Ne4 Qg6 27. d5 cxd5 28. Qxc7 dxe4 29. Rf1 Bh3 30. Rf2 Rc8 31. Qxf7+ Qxf7 32. Ba2 Be6 33. Rxf7 Bxf7 34. Bxf7+ Kxf7 35. a4 bxa4 36. Rxa4 Rc1+ 37. Kg2 Rc2+ 38. Kh3 Ne6 39. b5 Kf6 40. Rxa7 h5 41. Ra6 Kf5 42. g4+ hxg4+ 43. Kg3 Rc3 44. Kf2 Rc2+ 45. Kg3 Nf4 46. h3 Rg2+ 47.
Kh4 g5# 0-1

[Event "***Titled Tuesday 3|2 Blitz"]
[Site "Chess.com"]
[Date "2017.02.07"]
[Round "5"]
[White "FairChess_on_YouTube"]
[Black "underdogchss"]
[Result "0-1"]
[WhiteElo "2726"]
[BlackElo "2458"]
[TimeControl "180+2"]
[EndTime "14:09:15 PST"]
[Termination "underdogchss won on time"]

1. d4 Nf6 2. Bg5 d5 3. Nd2 Nbd7 4. e3 h6 5. Bh4 c5 6. c3 e6 7. f4 Be7 8. Bd3 b6 9. Ngf3 Bb7 10. Ne5 Nxe5 11.
fxe5 Nd7 12. Bxe7 Qxe7 13. O-O O-O 14. Qh5 Qg5 15. Qh3 f5 16. exf6 Rxf6 17. Rxf6 Qxf6 18.
Bb5 Qe7 0-1

[Event "***Titled Tuesday 3|2 Blitz"]
[Site "Chess.com"]
[Date "2017.02.07"]
[Round "5"]
[White "Kouzari"]
[Black "destroyer305"]
[Result "1-0"]
[WhiteElo "2495"]
[BlackElo "2328"]
[TimeControl "180+2"]
[EndTime "14:09:26 PST"]
[Termination "Kouzari won by resignation"]

1. d4 Nf6 2. c4 g6 3. Nc3 d5 4.
cxd5 Nxd5 5. e4 Nxc3 6. bxc3 Bg7 7. Bc4 c5 8. Be3 O-O 9. Ne2 Nc6 10. Rc1 cxd4 11.
cxd4 Qa5+ 12. Kf1 Rd8 13. h4 Qh5 14. f3 Ne5 15. Bb3 Nc6 16. g4 Qb5 17. Kf2 Na5 18. Rc5 Qa6 19. Rxa5 Qxa5 20. h5 g5 21. h6 Bf8 22.
Rh5 Be6 23. Rxg5+ Kh8 24. Rxa5 1-0

[Event "***Titled Tuesday 3|2 Blitz"]
[Site "Chess.com"]
[Date "2017.02.07"]
[Round "5"]
[White "stefanodinn"]
[Black "Vamostodorecto"]
[Result "0-1"]
[WhiteElo "2232"]
[BlackElo "2390"]
[TimeControl "180+2"]
[EndTime "14:09:30 PST"]
[Termination "Vamostodorecto won by resignation"]

1. e4 e5 2. Nf3 Nc6 3. Bc4 Nf6 4. d3 Be7 5. O-O O-O 6. Re1 d6 7. a4 Kh8 8. Nc3 Ng8 9. Nd5 f5 10. Nxe7 Qxe7 11. Bg5 Qe8 12. d4 f4 13. dxe5 dxe5 14. Bh4 Bg4 15. h3 Bh5 16. Be2 h6 17. g3 Bxf3 18.
Bxf3 g5 0-1

[Event "***Titled Tuesday 3|2 Blitz"]
[Site "Chess.com"]
[Date "2017.02.07"]
[Round "5"]
[White "Konavets"]
[Black "MasterLeif"]
[Result "1-0"]
[WhiteElo "2530"]
[BlackElo "2347"]
[TimeControl "180+2"]
[EndTime "14:09:32 PST"]
[Termination "Konavets won by resignation"]

1. d4 d5 2. c4 e5 3. dxe5 d4 4.
Nf3 Nc6 5. a3 Nge7 6. b4 Ng6 7.
Bb2 a5 8. b5 Ncxe5 9. Nxe5 Nxe5 10. Qxd4 Qxd4 11. Bxd4 Nxc4 12. e3 Be6 13. Be2 f6 14. O-O Bd6 15. Rc1 Ne5 16. Nc3 Bf5 17. Nd5 Rc8 18. f4 Nd7 19. Bh5+ Bg6 20. Bg4 f5 21.
Bf3 Kf7 22. Nc3 Nf6 23. Bxb7 Rb8 24. Bc6 Rhd8 25. Ba7 Rbc8 26. Bb7 Rb8 27. Bxb8 Rxb8 28. Bc6 Ng4 29. Nd5 Nf6 30. Nxf6 Kxf6 31. Rc3 Bf7 32. Rd3 Bc4 33. Rc3 Bxb5 34. Rb1 Bxc6 35. Rxb8 Bd7 36. Rb7 1-0

[Event "***Titled Tuesday 3|2 Blitz"]
[Site "Chess.com"]
[Date "2017.02.07"]
[Round "5"]
[White "MateusViageiro"]
[Black "Vrolijk"]
[Result "1-0"]
[WhiteElo "2425"]
[BlackElo "2294"]
[TimeControl "180+2"]
[EndTime "14:09:39 PST"]
[Termination "MateusViageiro won by resignation"]

1. e4 e6 2. Qe2 c5 3. f4 Nc6 4. Nf3 Nf6 5. g3 g6 6. Bg2 Bg7 7. O-O O-O 8. d3 d5 9. e5 Nd7 10. Be3 b6 11. Kh1 Bb7 12. Qf2 f6 13. exf6 Nxf6 14.
h3 e5 15. fxe5 Nxe5 16. Nxe5 Ng4 17. Qe2 Rxf1+ 18. Qxf1 Nxe3 19. Qf7+ Kh8 20. Qe6 Qe8 21.
Nf7+ Kg8 22. Nh6+ Kh8 23. Nf7+ Kg8 24. Nh6+ Kf8 25. Qg8+ Ke7 26. Qxg7+ Kd6 27. Qxb7 Nxg2 28. Nc3 1-0

[Event "***Titled Tuesday 3|2 Blitz"]
[Site "Chess.com"]
[Date "2017.02.07"]
[Round "5"]
[White "Jospem"]
[Black "gammagramma"]
[Result "1-0"]
[WhiteElo "2517"]
[BlackElo "2437"]
[TimeControl "180+2"]
[EndTime "14:09:42 PST"]
[Termination "Jospem won by checkmate"]

1. e4 Nc6 2. Nf3 d5 3. exd5 Qxd5 4.
Nc3 Qh5 5. Bb5 Bd7 6. d4 O-O-O 7. Be3 Nf6 8. Bxc6 Bxc6 9. Ne5 Qxd1+ 10. Rxd1 Be8 11.
f3 e6 12. Kf2 Nd5 13. Nxd5 exd5 14. b3 f6 15. Nd3 a5 16. a4 b6 17. h4 h5 18. Rde1 Bg6 19. Bf4 Bf5 20. Re3 Ba3 21.
Rhe1 Rhg8 22. Bg3 Kb7 23. R1e2 Kc6 24. Nf4 g6 25. Rc3+ Kb7 26. Ne6 Rd7 27. Rxc7+ Rxc7 28. Nxc7 Bb2 29. Nb5 g5 30. Re7+ Kc8 31. Na7+ Kd8 32. Nc6+ Kc8 33. Rc7# 1-0

[Event "***Titled Tuesday 3|2 Blitz"]
[Site "Chess.com"]
[Date "2017.02.07"]
[Round "5"]
[White "DanielNaroditsky"]
[Black "MagnusCarlsen"]
[Result "0-1"]
[WhiteElo "2733"]
[BlackElo "2988"]
[TimeControl "180+2"]
[EndTime "14:09:45 PST"]
[Termination "MagnusCarlsen won by resignation"]

1. e4 e5 2. Nf3 Nc6 3. Bb5 a6 4. Ba4 g6 5. d4 exd4 6. Bxc6 dxc6 7. Bg5 f6 8. Bf4 c5 9. c3 Qe7 10. cxd4 Qxe4+ 11. Be3 cxd4 12. Nbd2 Qd3 13. Nxd4 Ne7 14. Rc1 Nd5 15. Qf3 Nxe3 16. fxe3 Bb4 17. Rd1 O-O 18. a3 Re8 19. Qd5+ Be6 20. Qf3 Bb3 21.
Kf2 Bxd2 22. Nxb3 Bxe3+ 0-1

[Event "***Titled Tuesday 3|2 Blitz"]
[Site "Chess.com"]
[Date "2017.02.07"]
[Round "5"]
[White "Rikikits"]
[Black "EltajSafarli"]
[Result "0-1"]
[WhiteElo "2629"]
[BlackElo "2828"]
[TimeControl "180+2"]
[EndTime "14:09:53 PST"]
[Termination "EltajSafarli won by resignation"]

1. e4 e5 2. Nf3 Nc6 3. Bb5 a6 4.
Ba4 d6 5. c3 Bd7 6. d4 g6 7.
O-O Bg7 8. Bg5 f6 9. Be3 Nh6 10. h3 Qe7 11. c4 Nxd4 12. Nxd4 exd4 13. Bxd4 O-O-O 14. Nc3 f5 15. Nd5 Qf7 16. b4 Bxa4 17. Qxa4 Bxd4 18. b5 Qd7 19. Rad1 Bc5 20. Nf6 Qf7 21.
bxa6 Qxf6 22. Rb1 bxa6 23. Qc6 fxe4 24. Rb7 Rd7 25. Rb8+ Kxb8 26. Rb1+ Bb6 27. c5 Qf7 28. a4 dxc5 29. a5 Rhd8 30. axb6 Rd1+ 0-1

[Event "***Titled Tuesday 3|2 Blitz"]
[Site "Chess.com"]
[Date "2017.02.07"]
[Round "5"]
[White "macko06"]
[Black "ER404"]
[Result "1-0"]
[WhiteElo "2373"]
[BlackElo "2145"]
[TimeControl "180+2"]
[EndTime "14:09:57 PST"]
[Termination "macko06 won by resignation"]

1. d4 Nf6 2. Bf4 g6 3. Nc3 Bg7 4. e4 d6 5. Qd2 a6 6. a4 b6 7. Bh6 Bxh6 8. Qxh6 Bb7 9. Bd3 Nbd7 10. Nf3 c5 11. d5 Rc8 12. O-O c4 13. Be2 Nc5 14.
Nd2 b5 15. axb5 axb5 16. Nxb5 Ncxe4 17. Nxe4 Nxe4 18. Qg7 Rf8 19. Qd4 Nf6 20. Bxc4 Rc5 21. Nc3 Qc7 22. Bb5+ Kd8 23. Ra7 Qb6 24. Rfa1 Rxb5 25.
Nxb5 Qxb5 26. Ra8+ Kd7 27. Rxf8 Qxd5 28. Qxd5 Nxd5 29.
Ra7 Kc6 30. Rxf7 Kb6 31. Rxb7+ Kxb7 32. Rxh7 Kc6 33. Rg7 1-0

[Event "***Titled Tuesday 3|2 Blitz"]
[Site "Chess.com"]
[Date "2017.02.07"]
[Round "5"]
[White "pastouche06"]
[Black "AndrewDGreen"]
[Result "1-0"]
[WhiteElo "2336"]
[BlackElo "2143"]
[TimeControl "180+2"]
[EndTime "14:10:12 PST"]
[Termination "pastouche06 won by checkmate"]

1. d4 Nf6 2. c4 g6 3. Nc3 d5 4.
Nf3 Bg7 5. h4 c5 6. dxc5 dxc4 7.
Qxd8+ Kxd8 8. e3 Na6 9. Bxc4 Nxc5 10. Ke2 Be6 11. Bb5 a6 12. Rd1+ Kc7 13. Bd3 Nxd3 14. Kxd3 Rhd8+ 15. Nd4 Bg4 16. f3 e5 17. fxg4 exd4 18.
exd4 Nxg4 19. Bf4+ Kb6 20. Ke2 Bxd4 21. Kf3 Bxc3 22.
bxc3 h5 23. Rab1+ Kc6 24. Re1 Rd7 25. Re4 Rd3+ 26. Ke2 Rxc3 27. Re7 b5 28. Rc7+ Kd5 29. Rxc3 Re8+ 30. Kf3 Kd4 31. Rc7 f5 32. Rd1# 1-0

[Event "***Titled Tuesday 3|2 Blitz"]
[Site "Chess.com"]
[Date "2017.02.07"]
[Round "5"]
[White "Vegan4future"]
[Black "Lukianoo"]
[Result "0-1"]
[WhiteElo "2422"]
[BlackElo "2611"]
[TimeControl "180+2"]
[EndTime "14:10:13 PST"]
[Termination "Lukianoo won by resignation"]

1. d4 Nf6 2. c4 e6 3. Nf3 Bb4+ 4.
Bd2 Qe7 5. g3 Nc6 6. Bg2 Bxd2+ 7. Nbxd2 d6 8. O-O e5 9. d5 Nb8 10. h3 a5 11. e4 O-O 12. Re1 Nbd7 13. Nf1 Nc5 14. Qc2 c6 15. N3d2 cxd5 16. cxd5 Bd7 17. Ne3 Rfc8 18. Qb1 Bb5 19. Bf1 Bxf1 20. Rxf1 Qd7 21.
Kg2 Qb5 22. b3 Qe2 23. Rd1 Nd3 24. Nef1 Qxf2+ 25. Kh1 Qe2 26. Nc4 Nxe4 27. Rxd3 Nf2+ 28. Kg1 Nxd3 29. Qd1 Qf2+ 30. Kh1 Qd4 31. Kh2 Qxd5 32. Nfe3 Qd4 33. Nf5 Qf2+ 34. Kh1 Qxf5 35. Nxd6 Nf2+ 36. Kh2 Nxd1 37. Nxf5 Nc3 38. Ne7+ Kf8 39. Nxc8 Rxc8 40.
a4 Nd5 0-1

[Event "***Titled Tuesday 3|2 Blitz"]
[Site "Chess.com"]
[Date "2017.02.07"]
[Round "5"]
[White "DryCounty"]
[Black "Rozum_Ivan"]
[Result "0-1"]
[WhiteElo "2396"]
[BlackElo "2565"]
[TimeControl "180+2"]
[EndTime "14:10:21 PST"]
[Termination "Rozum_Ivan won by resignation"]

1. e4 e6 2. d4 d5 3. exd5 exd5 4.
Nf3 Nc6 5. h3 Bd6 6. c4 dxc4 7.
Bxc4 Nge7 8. O-O Be6 9. Bxe6 fxe6 10. Qb3 Qd7 11. Qxb7 O-O 12. Qb3 Rab8 13. Qd1 Nf5 14. Nc3 Ncxd4 15. Nxd4 Nxd4 16. b3 c5 17. Be3 Bc7 18.
Ne4 Qd5 19. Qg4 Qe5 20. Ng3 Nc2 21. Rae1 Nxe1 22. Rxe1 Rbe8 23. Qe4 Qd5 24. Qg4 Bb6 25. Rd1 Qe5 26. Qe4 Qxe4 27. Nxe4 c4 28. Bxb6 axb6 29.
bxc4 Rc8 30. Rd4 Rfd8 31. Rxd8+ Rxd8 32. Kf1 Rd4 33. Ng5 Rxc4 34. Nxe6 Ra4 35. Nc7 Rxa2 36.
Nd5 b5 37. Nc3 Rb2 38. f4 b4 39. Nd5 b3 40. g4 Rc2 41. Ne3 b2 0-1

[Event "***Titled Tuesday 3|2 Blitz"]
[Site "Chess.com"]
[Date "2017.02.07"]
[Round "5"]
[White "AllStarShark"]
[Black "plouarzel"]
[Result "0-1"]
[WhiteElo "2250"]
[BlackElo "2407"]
[TimeControl "180+2"]
[EndTime "14:10:30 PST"]
[Termination "plouarzel won by checkmate"]

1. d4 d6 2. Nf3 Nf6 3. g3 g6 4. Bg2 Bg7 5. O-O O-O 6. Nc3 d5 7.
Bf4 c6 8. Ne5 Nfd7 9. e4 Nxe5 10. Bxe5 Bxe5 11. dxe5 d4 12. Ne2 c5 13. c3 Nc6 14. f4 Bg4 15. h3 Bxe2 16. Qxe2 a6 17.
Qc4 Qb6 18. e6 f6 19. cxd4 Nxd4 20. b3 Qxe6 21. Qxc5 Rfd8 22. Rad1 Rac8 23. Rxd4 Rxc5 24. Rxd8+ Kg7 25. Rd2 Rc3 26. Kh2 h5 27. Rf3 Rxf3 28. Bxf3 h4 29. g4 g5 30. fxg5 Qe5+ 31. Kh1 fxg5 32.
Bg2 b5 33. Rd5 Qa1+ 34. Kh2 Qc1 35. Rf5 e6 36. Rf2 a5 37. Re2 a4 38. bxa4 bxa4 39.
Rf2 a3 40. e5 Qe1 41. Rf1 Qxe5+ 42. Kh1 Qe2 43. Ra1 Qb2 44. Re1 Qxa2 45. Kh2 Qb3 46.
Re5 Qg3+ 47. Kh1 Qxe5 48. Kg1 a2 49. Be4 a1=Q+ 50. Kg2 Qg3# 0-1

[Event "***Titled Tuesday 3|2 Blitz"]
[Site "Chess.com"]
[Date "2017.02.07"]
[Round "5"]
[White "vellottiwizard"]
[Black "Zhigalko_Sergei"]
[Result "0-1"]
[WhiteElo "2552"]
[BlackElo "2692"]
[TimeControl "180+2"]
[EndTime "14:10:47 PST"]
[Termination "Zhigalko_Sergei won by resignation"]

1. e4 c5 2. Nf3 d6 3. d4 cxd4 4.
Nxd4 Nf6 5. Nc3 a6 6. Be3 e6 7. g4 h6 8. f3 b5 9. Qd2 Nbd7 10. h4 b4 11. Nce2 d5 12. exd5 Nxd5 13. Bf2 Bb7 14.
O-O-O Bd6 15. Rg1 Qc7 16. Kb1 Ne5 17. Ng3 Rb8 18. Ka1 Nd7 19. Nh5 g6 20. Ng3 Bf4 21.
Qe1 O-O 22. g5 hxg5 23. hxg5 e5 24. Nde2 Ne3 25. Nxf4 Nxc2+ 0-1

[Event "***Titled Tuesday 3|2 Blitz"]
[Site "Chess.com"]
[Date "2017.02.07"]
[Round "5"]
[White "olomi007"]
[Black "ka1ser64"]
[Result "1-0"]
[WhiteElo "2512"]
[BlackElo "2301"]
[TimeControl "180+2"]
[EndTime "14:10:47 PST"]
[Termination "olomi007 won by resignation"]

1. e4 e6 2. d4 d5 3. Nd2 Nf6 4. e5 Nfd7 5. Bd3 c5 6. c3 Nc6 7. Ne2 cxd4 8. cxd4 f6 9. exf6 Nxf6 10. O-O Bd6 11. Nf3 O-O 12. Bf4 Bxf4 13. Nxf4 Ng4 14.
Ne2 e5 15. dxe5 Ngxe5 16. Nxe5 Nxe5 17. Bc2 Be6 18. Nd4 Bf7 19. Re1 Qf6 20. f3 Nc6 21. Nxc6 bxc6 22. b3 c5 23. Qd3 g6 24. Rad1 c4 25.
Qd4 Qxd4+ 26. Rxd4 Rfe8 27. Rxe8+ Rxe8 28. Kf2 Re7 29. Bd1 Rc7 30. Ke3 Kg7 31. Rd2 Kf6 32. Kd4 Ke6 33. Rc2 Kd6 34. Be2 cxb3 35. Rxc7 Kxc7 36. axb3 Kd6 37. b4 g5 38. g3 h6 39. f4 gxf4 40.
gxf4 Be6 41. Bf3 Bf7 42. f5 Bg8 43. Bh5 a6 44. h4 Bh7 45. Bg6 Bg8 46. h5 Kc6 47.
Ke5 Kb5 48. f6 Kxb4 49. f7 Bxf7 50. Bxf7 Kc5 51. Bxd5 a5 52. Ba2 a4 53. Kf6 Kd6 54.
Kg7 Ke7 55. Kxh6 Kf8 56. Kg6 a3 57. h6 1-0

[Event "***Titled Tuesday 3|2 Blitz"]
[Site "Chess.com"]
[Date "2017.02.07"]
[Round "5"]
[White "Cruel_Yaro"]
[Black "RitvarsReimanis"]
[Result "1-0"]
[WhiteElo "2599"]
[BlackElo "2366"]
[TimeControl "180+2"]
[EndTime "14:10:52 PST"]
[Termination "Cruel_Yaro won by checkmate"]

1. e4 e6 2. d4 d5 3. e5 f5 4.
exf6 Nxf6 5. Nf3 c5 6. dxc5 Bxc5 7. Bd3 Nc6 8. O-O O-O 9. c4 Kh8 10. Nc3 a6 11. Bg5 dxc4 12. Bxc4 Qxd1 13. Raxd1 e5 14.
Rfe1 Bg4 15. Rd3 b5 16. Bb3 Nb4 17. Rd2 Bxf3 18. gxf3 Bd4 19. Be3 Rad8 20. Red1 Nc6 21. Ne2 Bxe3 22. fxe3 Rxd2 23. Rxd2 Rd8 24. Rc2 Nb4 25. Rc7 Nd3 26. Ra7 Nxb2 27. Rxa6 h5 28. Rb6 Nc4 29. Rxb5 Nxe3 30. Rxe5 Ned5 31. Bxd5 Nxd5 32.
Rxh5+ Kg8 33. a4 Nf6 34. Rb5 Rd2 35. Ng3 Ra2 36. a5 Nh7 37. h4 Nf6 38. Ne4 Nd7 39.
Nf2 Nf6 40. Kg2 Kf7 41. Kg3 Ra4 42. Nd3 g6 43. Nf4 Ne8 44. Rb7+ Kf6 45. Rb6+ Kf5 46. Rxg6 Nf6 47. Rg5# 1-0

[Event "***Titled Tuesday 3|2 Blitz"]
[Site "Chess.com"]
[Date "2017.02.07"]
[Round "5"]
[White "Dale"]
[Black "Saitama_Hero"]
[Result "1-0"]
[WhiteElo "1989"]
[BlackElo "2038"]
[TimeControl "180+2"]
[EndTime "14:10:54 PST"]
[Termination "Dale won by resignation"]

1. h4 e5 2. g4 d5 3. d4 exd4 4. Nf3 Bxg4 5. Ne5 Be6 6. Bg2 c5 7.
c4 Nf6 8. Qb3 Qb6 9. cxd5 Qxb3 10.
axb3 Bxd5 11. Rg1 Bd6 12. Nc4 Bh2 13. Bxd5 Nxd5 14. Rxg7 Nc6 15. Bh6 Bc7 16. Nba3 a6 17.
Nb5 O-O-O 18. Nxc7 Kxc7 19. Rxf7+ Rd7 20. Rf5 Re8 21. Kf1 Ndb4 22. Rxc5 Re6 23. Bf4+ Kd8 24. Rd1 Rf7 25. Bg5+ Kc7 26. Na3 b6 27. Rc4 b5 28.
Rc5 Kb6 29. Rcc1 h6 30. Bd2 Nd5 31. Nc2 d3 32. exd3 Ref6 33. Ne3 Rxf2+ 34. Kg1 Nd4 35. Nxd5+ Kb7 36. Rc7+ Rxc7 37. Kxf2 1-0

[Event "***Titled Tuesday 3|2 Blitz"]
[Site "Chess.com"]
[Date "2017.02.07"]
[Round "5"]
[White "kleinebeer98"]
[Black "AkshatChandra"]
[Result "0-1"]
[WhiteElo "2485"]
[BlackElo "2647"]
[TimeControl "180+2"]
[EndTime "14:10:58 PST"]
[Termination "AkshatChandra won by resignation"]

1. e4 e6 2. d4 d5 3. Nd2 c5 4.
exd5 Qxd5 5. Ngf3 cxd4 6. Bc4 Qd6 7. O-O Nf6 8. Nb3 Nc6 9. Nbxd4 Nxd4 10. Nxd4 a6 11.
Re1 Qc7 12. Bf1 Be7 13. g3 O-O 14. Bf4 Qb6 15. Nb3 Bd7 16. Bg2 Bc6 17. Be3 Qc7 18.
Bxc6 Qxc6 19. Nd4 Qc7 20. Rc1 Rfd8 21. Qf3 Nd5 22. Nb3 Nxe3 23. Rxe3 Bf6 24. c3 Bg5 25. h4 Bxe3 26. Qxe3 Rd5 27. c4 Rd7 28.
Nc5 Rdd8 29. b3 Qb6 30. Qe5 Rac8 31. Ne4 Qd4 32. Qf4 h6 33. Qf3 b5 34. Kg2 bxc4 35. bxc4 Rxc4 36. Rxc4 Qxc4 37. Qg4 Qd5 38. f3 Qxa2+ 39.
Kh3 f5 40. Nf6+ Kf7 41. Qb4 Kxf6 42. Qc3+ Kg6 43. Qc7 Rd2 44. h5+ Kh7 0-1

[Event "***Titled Tuesday 3|2 Blitz"]
[Site "Chess.com"]
[Date "2017.02.07"]
[Round "5"]
[White "scenicregal"]
[Black "oskariot"]
[Result "0-1"]
[WhiteElo "1844"]
[BlackElo "2508"]
[TimeControl "180+2"]
[EndTime "14:11:02 PST"]
[Termination "oskariot won by resignation"]

1. e4 g6 2. f4 Bg7 3. Nf3 d6 4. Nc3 a6 5. a4 b6 6. Bc4 Bb7 7. d3 e6 8. O-O Ne7 9. Qe1 d5 10. Bb3 O-O 11. g4 c5 12. f5 c4 13.
Ba2 dxe4 14. dxe4 exf5 15. gxf5 b5 16. Ng5 Bd4+ 17. Be3 Nxf5 18. Rxf5 gxf5 19. Qg3 Bxe3+ 20. Qxe3 Nd7 21. Rd1 Qb6 22. Rd4 f4 23. Qd2 Ne5 24. Kf1 Rad8 25. Rxd8 Rxd8 26. Qxf4 Qd6 27. axb5 axb5 28.
Nxb5 Qd1+ 29. Kg2 Rd2+ 30. Kh3 Bc8+ 31. Kg3 Qg1+ 32. Kh4 Rxh2+ 0-1

[Event "***Titled Tuesday 3|2 Blitz"]
[Site "Chess.com"]
[Date "2017.02.07"]
[Round "5"]
[White "ShimanovAlex"]
[Black "maciek_92"]
[Result "1-0"]
[WhiteElo "2651"]
[BlackElo "2567"]
[TimeControl "180+2"]
[EndTime "14:11:03 PST"]
[Termination "ShimanovAlex won by resignation"]

1. d4 Nf6 2. Nf3 b6 3. c4 e6 4. g3 Ba6 5. b3 Bb4+ 6. Bd2 Be7 7. Nc3 d5 8. cxd5 exd5 9. Bg2 O-O 10. O-O Nbd7 11. Bc1 Bd6 12. Bb2 Re8 13. Re1 Bb7 14. Nb5 Bb4 15. Bc3 Bf8 16. Bd2 a6 17. Nc3 Ne4 18.
Qc2 Rc8 19. b4 Bxb4 20. Nxe4 dxe4 21. Bxb4 exf3 22. exf3 Nf6 23. Rxe8+ Qxe8 24. Re1 Qb5 25. Bd2 Nd5 26. f4 Re8 27. Re5 f6 28. a4 Qd7 29.
Bh3 Qxh3 30. Rxe8+ Kf7 31. Re1 Ne3 32. Qxc7+ 1-0

[Event "***Titled Tuesday 3|2 Blitz"]
[Site "Chess.com"]
[Date "2017.02.07"]
[Round "5"]
[White "Paralinch"]
[Black "AlexanderL"]
[Result "0-1"]
[WhiteElo "2616"]
[BlackElo "2613"]
[TimeControl "180+2"]
[EndTime "14:11:05 PST"]
[Termination "AlexanderL won by resignation"]

1. e4 e6 2. d4 d5 3. exd5 exd5 4. Nf3 Bd6 5. c4 Nf6 6. Nc3 O-O 7. Bg5 Re8+ 8. Be2 dxc4 9. O-O Nc6 10.
h3 h6 11. Bh4 g5 12. Bg3 Bxg3 13. fxg3 Be6 14. Qd2 Nd5 15. Bxc4 Ne3 16. Bxe6 Nxf1 17. Bxf7+ Kxf7 18. Rxf1 Kg7 19. d5 Ne5 20. Qd4 Qf6 21. Nxe5 Qxe5 22. Qg4 Rad8 23. Kh2 Rf8 24. Rxf8 Rxf8 25.
a4 a5 26. Nb5 Kg6 27. Qd1 Rf2 28. Nd4 Qxd5 29. Qd3+ Kf6 0-1

[Event "***Titled Tuesday 3|2 Blitz"]
[Site "Chess.com"]
[Date "2017.02.07"]
[Round "5"]
[White "Evgeny_Levin"]
[Black "LyonBeast"]
[Result "1/2-1/2"]
[WhiteElo "2774"]
[BlackElo "2741"]
[TimeControl "180+2"]
[EndTime "14:11:10 PST"]
[Termination "Game drawn by repetition"]

1. d4 Nf6 2. c4 g6 3. Nc3 d5 4.
cxd5 Nxd5 5. Bd2 Bg7 6. e4 Nb6 7. Be3 O-O 8. h3 e5 9. Nf3 exd4 10. Bxd4 Nc6 11. Bxg7 Qxd1+ 12. Rxd1 Kxg7 13. Bb5 Nb4 14. a3 a6 15. axb4 axb5 16. Nxb5 Ra4 17. Nxc7 Rxb4 18. Rd4 Rxb2 19. O-O Rc2 20. Nb5 Nc4 21. Rb1 Na5 22.
Nd6 Be6 23. Ra4 Nb3 24. Nxb7 h6 25. Nd6 Nd2 26. Nxd2 Rxd2 27. Rb6 Rd8 28. e5 h5 29. Ra7 Re2 30. Rb5 h4 31. f3 g5 32. Raa5 Kg6 33.
Rb7 Rc2 34. Kh2 Re2 35. Kg1 Rc2 36. Kh2 Re2 37. Kg1 1/2-1/2

[Event "***Titled Tuesday 3|2 Blitz"]
[Site "Chess.com"]
[Date "2017.02.07"]
[Round "5"]
[White "IMJonathanCarlstedt"]
[Black "Sethu0025"]
[Result "0-1"]
[WhiteElo "2402"]
[BlackElo "2548"]
[TimeControl "180+2"]
[EndTime "14:11:13 PST"]
[Termination "Sethu0025 won by resignation"]

1. c4 e5 2. g3 c6 3. d4 e4 4. Bg2 d5 5. cxd5 cxd5 6. Nc3 Nf6 7. Bg5 Nbd7 8. Nh3 h6 9. Bxf6 Nxf6 10. O-O Be7 11. f3 exf3 12. exf3 O-O 13. Nf4 g5 14. Nd3 Qb6 15. Ne2 Bf5 16. b3 Rfe8 17. Ne5 Rac8 18. Kh1 Ba3 19. g4 Bh7 20. f4 Bb2 21. fxg5 hxg5 22. Rb1 Bxb1 23. Qxb1 Bxd4 24. Nxf7 Kxf7 25. Qh7+ Ke6 26. Qg6 Be5 27. Rd1 Rcd8 28. Qf5+ Kf7 29. Rf1 Qe3 30. Ng3 Bf4 31. Nh5 Qe5 32. Qd3 Rh8 33. Rd1 Nxh5 34. gxh5 Rxh5 35.
Bxd5+ Kg7 36. Qf3 Rxh2+ 37. Kg1 Be3+ 0-1

[Event "***Titled Tuesday 3|2 Blitz"]
[Site "Chess.com"]
[Date "2017.02.07"]
[Round "5"]
[White "avto24"]
[Black "Generalas"]
[Result "1-0"]
[WhiteElo "2375"]
[BlackElo "2186"]
[TimeControl "180+2"]
[EndTime "14:11:19 PST"]
[Termination "avto24 won by resignation"]

1. e4 e5 2. Nf3 Nc6 3. Bc4 Nf6 4.
Ng5 d5 5. exd5 Na5 6. Bb5+ c6 7. dxc6 bxc6 8. Bd3 Be7 9. Nc3 Nd5 10. Nf3 Qc7 11. O-O O-O 12. Re1 f6 13. Bf1 Bg4 14. d3 Rad8 15.
h3 Bh5 16. Ne4 c5 17. Ng3 Bg6 18. Bd2 c4 19. d4 c3 20. bxc3 Nxc3 21. Bxc3 Qxc3 22.
Re3 Qxc2 23. Qxc2 Bxc2 24. dxe5 f5 25. Rc3 Ba4 26. Rac1 Bd7 27. Rc7 Ba3 28. Rd1 Be6 29.
Rxd8 Rxd8 30. Rxa7 Bb4 31. Ng5 Bxa2 32. Nxf5 h6 33.
Rxg7+ Kh8 34. Nf7+ Bxf7 35. Rxf7 Rf8 36. Rxf8+ Bxf8 37. f4 Nc6 38. g3 Kh7 39. Bd3 Kg8 40. Kg2 Kf7 41. Bc4+ Kg6 42. g4 Ne7 43. Nxe7+ Bxe7 44. Kg3 h5 45. f5+ Kg7 46. f6+ Bxf6 47. exf6+ Kxf6 48. Kf4 Kg6 49. g5 1-0

[Event "***Titled Tuesday 3|2 Blitz"]
[Site "Chess.com"]
[Date "2017.02.07"]
[Round "5"]
[White "hansen"]
[Black "GM_dmitrij"]
[Result "1-0"]
[WhiteElo "2636"]
[BlackElo "2474"]
[TimeControl "180+2"]
[EndTime "14:11:21 PST"]
[Termination "hansen won by checkmate"]

1. e4 e5 2. Nf3 Nc6 3. Bb5 a6 4.
Ba4 Nf6 5. O-O Bc5 6. c3 b5 7. Bc2 d5 8. a4 dxe4 9. axb5 exf3 10. Qxf3 e4 11. Bxe4 Ne5 12. Qe2 O-O 13. d4 Bg4 14. Qc2 Nxe4 15. Qxe4 Nf3+ 16. gxf3 Bh3 17. dxc5 Bxf1 18.
Kxf1 Qd1+ 19. Qe1 Qxf3 20. Be3 axb5 21. Rxa8 Rxa8 22. Nd2 Qh1+ 23. Ke2 Qxh2 24. Nf3 Qh3 25. Qd1 Qe6 26. Qd3 Qc4 27. Ne5 Qxd3+ 28. Kxd3 h5 29. Nc6 Re8 30. Bf4 f6 31. Bxc7 Kf7 32. Nd4 h4 33. c6 Rc8 34. Bh2 g5 35. c7 g4 36.
Nxb5 Ke6 37. Bf4 Kf5 38. Nd6+ Kxf4 39. Nxc8 h3 40. Ne7 h2 41. c8=Q h1=Q 42. Qf5# 1-0

[Event "***Titled Tuesday 3|2 Blitz"]
[Site "Chess.com"]
[Date "2017.02.07"]
[Round "5"]
[White "ZEN-22"]
[Black "jb2mix"]
[Result "1-0"]
[WhiteElo "2373"]
[BlackElo "2402"]
[TimeControl "180+2"]
[EndTime "14:11:23 PST"]
[Termination "ZEN-22 won by resignation"]

1. e4 e6 2. d4 d5 3. exd5 exd5 4. c4 Bd6 5. Nc3 Nf6 6. cxd5 O-O 7.
Bc4 h6 8. Nf3 Nbd7 9. O-O Nb6 10. Bb3 Bg4 11. h3 Bh5 12. Re1 Bb4 13. Re5 Bd6 14.
Rxh5 Nxh5 15. Ne5 Nf6 16. Qf3 Bb4 17. d6 cxd6 18. Ng6 Re8 19. Qxb7 Re1+ 20. Kh2 d5 21.
Ne5 Bd6 22. Qxf7+ Kh8 23. f4 Bxe5 24. fxe5 Ng4+ 25. Kg3 Ne3 26. Bxe3 Rxe3+ 27. Kh2 Qg5 28. Rf1 Rd3 29. Bc2 Qg3+ 30. Kh1 Rg8 31. Nxd5 Rd2 32. Be4 Nxd5 33. Bxd5 Rd8 34. Be4 Rg8 35. e6 Rxd4 36. Qf5 g6 37. Qf6+ Kh7 38. Qxd4 1-0